 Dungeon Crawl Stone Soup version 0.26.1-11-gd32895ea62 (webtiles) character file.

Game seed: 17269317243497896285

67 nomophobia the Ducker (level 4, 0/23 HPs)
             Began as a Spriggan Abyssal Knight on May 23, 2021.
             Was a Believer of Lugonu.
             Slain by a giant cockroach (1 damage)
             ... on level 3 of the Dungeon.
             The game lasted 00:14:56 (2888 turns).

nomophobia the Ducker (Spriggan Abyssal Knight)     Turns: 2888, Time: 00:14:57

Health: 0/23       AC:  2    Str:  8    XL:     4   Next: 0%
Magic:  6/6        EV: 20    Int: 13    God:    Lugonu [**....]
Gold:   163        SH:  0    Dex: 16    Spells: 3/3 levels left

rFire    . . .     SeeInvis +   a - +1 short sword
rCold    . . .     Faith    .   (shield restricted)
rNeg     . . .     Spirit   .   b - +0 robe
rPois    .         Reflect  .   (helmet restricted)
rElec    .         Harm     .   (no cloak)
rCorr    .         Rampage  .   (gloves unavailable)
Will     .....                  (boots unavailable)
Stlth    +++.......             (no amulet)
HPRegen  0.07/turn              (no ring)
MPRegen  0.10/turn              (no ring)

@: very quick
A: very small, unfitting armour, see invisible, speed 3
a: Renounce Religion, Depart the Abyss, Bend Space


You were on level 3 of the Dungeon.
You worshipped Lugonu.
Lugonu was pleased with you.
You visited 1 branch of the dungeon, and saw 3 of its levels.
You visited the Abyss 1 time.

You collected 163 gold pieces.

Inventory:

Hand Weapons
 a - a +1 short sword (weapon)
Armour
 b - a +0 robe (worn)
Scrolls
 c - 4 scrolls of teleportation {unknown}
 d - 7 scrolls of identify {unknown}
 e - a scroll of amnesia {unknown}
 g - a scroll of immolation {unknown}
 h - a scroll of magic mapping {unknown}
 i - a scroll of random uselessness {unknown}
 l - a scroll of remove curse {unknown}
 m - a scroll of enchant armour {unknown}
 n - a scroll of blinking {unknown}
Potions
 f - a potion of curing {unknown}
 j - 2 potions of attraction {unknown}
 k - a potion of invisibility {unknown}


   Skills:
 - Level 2.4 Fighting
 + Level 3.1 Short Blades
 + Level 4.6 Dodging
 * Level 3.5 Stealth
 - Level 1.7 Invocations


You had 3 spell levels left.
You didn't know any spells.
Your spell library was empty.

Dungeon Overview and Level Annotations

Branches:
Dungeon (3/15)

Altars:


Innate Abilities, Weirdness & Mutations

You are very small and have problems with some larger weapons.
You are too small for most types of armour.
You have supernaturally acute eyesight. (SInv)
You cover ground extremely quickly.


Message History

Lugonu accepts your kill.
An orc priest comes into view. It is wielding a -1 whip.
The orc hits you with a +0 club.
* * * LOW HITPOINT WARNING * * *
You have reached level 4!
You hit the orc but do no damage. The orc hits you with a +0 whip.
* * * LOW HITPOINT WARNING * * *
Unknown command.
Unknown command.
Unknown command.
Unknown command.
You completely miss the orc. The orc misses you.
You closely miss the orc. The orc completely misses you.
The giant cockroach barely misses you. The orc misses you.
You barely miss the orc. The orc barely misses you.
The giant cockroach misses you. The orc completely misses you.
You hit the orc.
The orc is heavily wounded.
The giant cockroach bites you.
You die...

#.. #.# #.# #.# ##.## ... #.#
#o## # #@o# # #.##B##.#
#.......# # ######.##+# #.
###.####.##.## ...
#....†..##...## ....
#.#.#..##.....####
.....##.#.#......8.....#######
..........#.####.))###...:....


You could see 2 orcs and a giant cockroach.

Vanquished Creatures
  An adder (D:3)
  A worm (D:3)
  A dart slug (D:1)
  3 orcs (D:3)
  3 giant cockroaches
  6 goblins
  8 hobgoblins
  4 jackals (D:1)
  3 kobolds
  4 quokkas
  3 bats
  A frilled lizard (D:2)
  6 rats
44 creatures vanquished.

Notes
Turn   | Place    | Note
-------+----------+-------------------------------------------
     0 | Abyss:1  | nomophobia the Spriggan Abyssal Knight began the quest for
                  | the Orb.
     0 | Abyss:1  | Reached XP level 1. HP: 11/11 MP: 3/3
    68 | Abyss:1  | Noticed a large abomination
    70 | Abyss:1  | Found a corrupted altar of Lugonu.
    81 | D:1      | Escaped the Abyss
   254 | D:1      | Reached skill level 1 in Stealth
   334 | D:1      | Reached XP level 2. HP: 6/16 MP: 4/4
   691 | D:1      | Reached skill level 4 in Dodging
  1649 | D:1      | Reached ** piety under Lugonu
  1734 | D:2      | Reached XP level 3. HP: 19/19 MP: 5/5
  2884 | D:3      | Reached XP level 4. HP: 4/23 MP: 6/6
  2884 | D:3      | HP: 1/23 [orc/+0 whip (3)]
  2888 | D:3      | Slain by a giant cockroach

Illustrated notes

Levels and vault maps discovered:
D:1:      ebering_trefoil_3fold, layout_basic
D:2:      layout_basic, uniq_crazy_yiuf_cottage
D:3:      layout_loops_cross, general_overflow_altar, serial_bayou_pond_d,
          grunt_ministairs_15

Skill      XL: |  1  2  3 |
---------------+----------+-----
Stealth        | 1 2 3 |  3.5
Dodging        | 4 |  4.6
Short Blades   | 3 |  3.1
Fighting       | |  2.4
Invocations    | |  1.7

Action                   |  1- 3 |  4- 6 || total
-------------------------+-------+-------++-------
Melee: Short sword       |   186 |     5 ||   191
 Stab: Sleeping          |     8 |       ||     8
Armor: Robe              |    13 |       ||    13
Dodge: Dodged            |   157 |     7 ||   164
